 Dungeon Crawl Stone Soup version 0.23.0 (webtiles) character file.

Game seed: 4544841514881423600

25801 fartymcfart the Destroyer (level 12, -6/88 HPs)
             Began as a Demonspawn Wanderer on Feb 14, 2019.
             Was a High Priest of Vehumet.
             Shot with an arrow by Nessos (8 damage)
             ... on level 4 of the Lair of Beasts.
             The game lasted 00:37:53 (21016 turns).

fartymcfart the Destroyer (Demonspawn Wanderer)    Turns: 21016, Time: 00:37:54

Health: -6/88      AC:  9    Str: 12    XL:     12   Next: 92%
Magic:  9/25       EV: 14    Int: 22    God:    Vehumet [*****.]
Gold:   953        SH: 13    Dex: 12    Spells: 7/29 levels left

rFire    . . .     SeeInvis .   e - +2 trident (venom)
rCold    + . .     Gourm    +   n - +2 buckler
rNeg     . . .     Faith    .   q - +2 robe
rPois    +         Spirit   .   C - +2 hat
rElec    .         Reflect  .   (no cloak)
rCorr    .         Harm     .   F - +1 pair of gloves
MR       .....                  G - +0 pair of boots
Stlth    ++........             x - amulet of the gourmand
HPRegen  0.24/turn              O - ring of poison resistance
MPRegen  0.19/turn              P - +2 ring of intelligence

@: lethally poisoned (-6 -> -25), marked
A: hooves 1, large bone plates 2, cold resistance 1, powered by death 2,
freezing cloud immunity
a: Renounce Religion


You were on level 4 of the Lair of Beasts.
You worshipped Vehumet.
Vehumet was extremely pleased with you.
You were not hungry.

You visited 2 branches of the dungeon, and saw 14 of its levels.

You collected 953 gold pieces.

Inventory:

Hand Weapons
 e - a +2 trident of venom (weapon)
 z - a +2 trident of flaming
 H - a +1 hand axe of electrocution
 M - the +11 hand axe of the Shining Light {flame, -Tele +Rage rPois}
   (You took it off a centaur on level 8 of the Dungeon)

   It has been specially enchanted to burn those struck by it, causing extra
   injury to most foes and up to half again as much damage against particularly
   susceptible opponents.
   Big, fiery blades are also staple armaments of hydra-hunters.
   It protects you from poison.
   It lets you go berserk.
   It prevents most forms of teleportation.
Armour
 n - a +2 buckler (worn)
 q - a +2 robe (worn)
 C - a +2 hat (worn)
 F - a +1 pair of gloves (worn)
 G - a +0 pair of boots (worn)
Magical Staves
 f - an uncursed staff of poison
 I - an uncursed staff of air
Jewellery
 d - an uncursed ring of protection from magic
 x - an amulet of the gourmand (around neck)
 D - an uncursed ring of wizardry
 K - a +3 ring of strength
 O - a ring of poison resistance (left hand)
 P - a +2 ring of intelligence (right hand)
 S - an uncursed amulet of regeneration {unknown}
Wands
 b - a wand of digging (3)
 y - a wand of polymorph (7)
 A - a wand of iceblast (17)
Scrolls
 c - 3 scrolls of enchant armour
 h - 3 scrolls of enchant weapon
 i - 2 scrolls of fear
 k - 8 scrolls of remove curse
 m - 5 scrolls of amnesia
 s - 2 scrolls of teleportation
 v - a scroll of fog
 L - a scroll of torment
 Q - a scroll of identify
 R - a scroll of vulnerability {unknown}
 T - a scroll of magic mapping
Potions
 a - 3 potions of heal wounds
 j - 2 potions of curing
 l - a potion of mutation
 o - 3 potions of flight
 p - 3 potions of agility
 r - a potion of resistance
 t - 2 potions of haste {unknown}
 u - a potion of invisibility
 w - 4 potions of might {unknown}
 B - 2 potions of degeneration {unknown}
 E - a potion of berserk rage {unknown}
 N - 2 potions of ambrosia
Miscellaneous
 J - a sack of spiders
Comestibles
 g - 13 rations


   Skills:
 + Level 6.1 Fighting
 + Level 5.6 Dodging
 - Level 1.7 Stealth
 - Level 4.0 Shields
 * Level 9.0 Spellcasting
 - Level 10.6 Conjurations
 - Level 3.1 Necromancy
 + Level 9.6 Fire Magic
 + Level 5.0 Ice Magic
 + Level 5.9 Air Magic
   Level 1.0 Earth Magic
 - Level 2.0 Poison Magic


You had 7 spell levels left.
You knew the following spells:

 Your Spells              Type           Power        Failure   Level  Hunger
a - Magic Dart            Conj           ####         1%          1    None
b - Mephitic Cloud        Conj/Pois/Air  #####...     1%          3    None
c - Conjure Flame         Conj/Fire      ######..     1%          3    None
d - Blink                 Tloc           N/A          10%         2    None
e - Regeneration          Chrm/Necr      ###.......   11%         3    None
f - Freezing Cloud        Conj/Ice/Air   #####.....   14%         6    ######.
g - Throw Icicle          Conj/Ice       #####...     1%          4    ##.....

Your spell library contained the following spells:

 Spells                   Type           Power        Failure   Level  Hunger
 Iron Shot                Conj/Erth      #####.....   24%         6    ######.
 Freeze                   Ice            ####         1%          1    None
 Pain                     Necr           ###.         1%          1    None
 Sting                    Conj/Pois      ####         1%          1    None
 Poisonous Vapours        Pois/Air       ####..       1%          2    None
 Searing Ray              Conj           ######       1%          2    None
 Throw Frost              Conj/Ice       #####.       1%          2    None
 Dazzling Spray           Conj/Hex       ####..       1%          3    None
 Iskenderun's Mystic Bla  Conj           ######..     1%          4    ##.....
 Force Lance              Conj/Tloc      ####....     2%          4    ##.....
 Fulminant Prism          Conj/Hex       ####......   2%          4    ##.....
 Venom Bolt               Conj/Pois      #####.....   4%          5    #####..
 Apportation              Tloc           #.....       7%          1    None
 Beastly Appendage        Tmut           #.....       7%          1    None
 Summon Butterflies       Summ           #.......     7%          1    None
 Summon Small Mammal      Summ           #...         7%          1    None
 Ozocubu's Armour         Chrm/Ice       ###.....     7%          3    None
 Olgreb's Toxic Radiance  Pois           ###.....     8%          4    ##.....
 Call Imp                 Summ           #.......     10%         2    None
 Slow                     Hex            #.......     10%         2    None
 Sticks to Snakes         Tmut           #.......     10%         2    None
 Spider Form              Tmut/Pois      ##........   13%         3    None
 Call Canine Familiar     Summ           #.......     21%         3    None
 Lesser Beckoning         Tloc           #.........   21%         3    None
 Summon Guardian Golem    Hex/Summ       #.......     21%         3    None
 Tukima's Dance           Hex            #.......     21%         3    None
 Summon Lightning Spire   Summ/Air       ###.....     21%         4    ##.....
 Ice Form                 Ice/Tmut       ###.....     24%         4    ##.....
 Summon Ice Beast         Ice/Summ       ###.....     24%         4    ##.....
 Alistair's Intoxication  Tmut/Pois      ##......     77%         5    #####..
 Blade Hands              Tmut           #.........   88%         5    #####..
 Invisibility             Hex            #.......     100%        6    ######.
 Ring of Flames           Chrm/Fire      ####......   100%        7    #######


Dungeon Overview and Level Annotations

Branches:
Dungeon (10/15)            Temple (0/1) D:7            Lair (4/6) D:10
 Spider (0/4) Lair:3
  Swamp: Lair:2-4    Shoals: Lair:2-4       Orc: D:9-12

Altars:
Fedhas
Nemelex Xobeh
Sif Muna
Trog
Uskayaw
Vehumet

Shops:
D:4 [

Annotations:
D:9 2 transporters, Uhlv's ghost, novice MiWn
Lair:4 Nessos


Innate Abilities, Weirdness & Mutations

You have large cloven feet.
You are mostly covered in large bone plates. (SH +6)
Your flesh is cold resistant. (rC+)
You regenerate health from kills.
You are immune to freezing clouds.


Message History

Casting: Mephitic Cloud (safe; 1% risk of failure)
Confirm with . or Enter, or press ? or * to list all spells.
Aiming: Mephitic Cloud (safe; 1% risk of failure)
Press: ? - help, Shift-Dir - straight line, f/p - blink frog
Aim: a blink frog (noxious fumes, moderately wounded, confused)
The ball explodes into a vile cloud!
The stinking cloud engulfs the blink frog but does no damage.
The blink frog is moderately wounded.
The stinking cloud engulfs Nessos but does no damage.
You feel sick.
Nessos is engulfed in noxious fumes.
Nessos shoots an arrow.
The arrow hits you!! The arrow burns you!
* * * LOW HITPOINT WARNING * * *
The blink frog is engulfed in noxious fumes. x2
You feel better.
Nessos is engulfed in noxious fumes.
Nessos says, "Even if you were a mare, I'd kill you!"
Nessos shoots an arrow.
The arrow hits you!!
* * * LOW HITPOINT WARNING * * *
The arrow burns you!
You are lethally poisoned!
You die...

#.###...### #.#....P..#
###..)......##
#.........P..P ##P
#.#...... ... #.....##
#.##...<..# #.....#..##
.##....@.# #......#
#☼c....# ###☼F○...#
.rr##....... #..Y##.Y.#
.rr......... ###.###.##
.rr.rrP>P.#. ##..##r##
rrPr.r...# # #..###..#####
.r.......
#.####.....###..####......$


You could see Nessos, 2 yaks, a blink frog (confused) and a river rat.

Vanquished Creatures
  A catoblepas (Lair:3)
  4 hydras
  2 two-headed ogres
  Pikel (D:7)
  An oklob plant (Lair:1)
  An elephant (Lair:3)
  A black mamba (Lair:3)
  A torpor snail (Lair:3)
  4 spiny frogs
  A rime drake (Lair:2)
  6 komodo dragons
  A polar bear (Lair:3)
  8 blink frogs
  7 hippogriffs
  3 dream sheep (Lair:3)
  2 spriggans (Lair:3)
  5 basilisks
  10 yaks
  A hungry ghost (D:7)
  8 water moccasins
  2 orc warriors
  7 porcupines
  4 slaves
  A black bear (D:7)
  An ice beast (D:8)
  A sky beast (D:10)
  A necrophage (D:9)
  44 wolves
  4 phantoms
  6 centaurs
  8 ogres
  2 crocodiles
  14 bullfrogs
  A gnoll sergeant (D:9)
  15 killer bees
  5 wights (D:6)
  4 howler monkeys
  6 crimson imps
  A bullfrog zombie (D:9)
  3 hounds
  A gnoll shaman (D:7)
  2 jellies
  2 orc priests
  3 bullfrog skeletons
  5 iguanas
  An iron imp (D:4)
  Jessica (D:2)
  13 orc wizards
  6 worker ants
  A worker ant zombie (D:6)
  12 gnolls
  8 adders
  A river rat (Lair:4)
  3 shadow imps
  An ooze (D:6)
  2 adder skeletons
  A worm (D:5)
  2 dart slugs (D:1)
  2 leopard geckos (D:3)
  29 orcs
  5 giant cockroaches
  5 hobgoblins
  10 jackals
  4 quokkas
  4 ball pythons
  7 bats
  5 goblins
  3 kobolds
  3 rats
  2 fungi (Lair:3)
  5 plants
347 creatures vanquished.

Vanquished Creatures (collateral kills)
  A killer bee (D:8)
1 creature vanquished.

Vanquished Creatures (others)
  A killer bee (D:9)
  18 fungi
  32 plants
51 creatures vanquished.

Grand Total: 399 creatures vanquished

Notes
Turn   | Place    | Note
-------+----------+-------------------------------------------
     0 | D:1      | fartymcfart the Demonspawn Wanderer began the quest for the
                  | Orb.
     0 | D:1      | fartymcfart set off with the following items: a potion of
                  | lignification, a +0 robe, a +0 club, a +0 dagger, a ration;
                  | and the following spells available to memorise: Pain, Magic
                  | Dart, Blink, Call Imp, Slow, Mephitic Cloud, Regeneration,
                  | Conjure Flame
     0 | D:1      | Reached XP level 1. HP: 13/13 MP: 3/3
     2 | D:1      | Learned a level 1 spell: Magic Dart
   450 | D:1      | Reached skill level 1 in Conjurations
   450 | D:1      | Gained mutation: You regenerate a little health from kills.
                  | [demonic ancestry]
   450 | D:1      | Reached XP level 2. HP: 10/19 MP: 0/5
  1045 | D:2      | Found a blossoming altar of Fedhas.
  1055 | D:2      | Noticed Jessica
  1060 | D:2      | Killed Jessica
  1060 | D:2      | Reached skill level 2 in Conjurations
  1060 | D:2      | Reached XP level 3. HP: 24/24 MP: 1/7
  1182 | D:2      | Learned a level 3 spell: Mephitic Cloud
  1186 | D:2      | Learned a level 3 spell: Conjure Flame
  2388 | D:3      | Found a radiant altar of Vehumet.
  2475 | D:3      | Gained mutation: You regenerate health from kills. [demonic
                  | ancestry]
  2475 | D:3      | Reached XP level 4. HP: 19/30 MP: 0/8
  2625 | D:3      | Became a worshipper of Vehumet
  2883 | D:3      | Found a hide-covered altar of Uskayaw.
  3446 | D:4      | Noticed Grinder
  3447 | D:4      | Noticed Grinder
  3447 | D:4      | Grinder changed into Grinder the iron imp
  3452 | D:4      | Killed Grinder the iron imp
  3452 | D:4      | Reached skill level 1 in Fire Magic
  3460 | D:4      | Noticed a phantom
  3471 | D:4      | Gained mutation: You have large cloven feet. [demonic
                  | ancestry]
  3471 | D:4      | Reached XP level 5. HP: 24/35 MP: 3/9
  3476 | D:4      | Reached skill level 3 in Conjurations
  3516 | D:4      | Killed a phantom
  3516 | D:4      | Reached XP level 6. HP: 17/41 MP: 0/11
  4500 | D:4      | Reached skill level 4 in Conjurations
  4572 | D:4      | Found Korr's Armour Emporium.
  4582 | D:4      | Gained mutation: You are partially covered in large bone
                  | plates. (SH +4) [demonic ancestry]
  4582 | D:4      | Reached XP level 7. HP: 45/46 MP: 2/13
  5382 | D:5      | Entered Level 5 of the Dungeon
  5444 | D:5      | Reached * piety under Vehumet
  5444 | D:5      | Offered knowledge of Flame Tongue by Vehumet.
  5685 | D:5      | Reached skill level 5 in Conjurations
  6437 | D:5      | Gained mutation: You are mostly covered in large bone
                  | plates. (SH +6) [demonic ancestry]
  6437 | D:5      | Reached XP level 8. HP: 43/52 MP: 1/14
  7435 | D:6      | Reached skill level 5 in Fire Magic
  7623 | D:6      | Reached skill level 6 in Conjurations
  7725 | D:6      | Reached skill level 5 in Spellcasting
  8355 | D:6      | Found a sparkling altar of Nemelex Xobeh.
  8426 | D:7      | Reached ** piety under Vehumet
  8426 | D:7      | Offered knowledge of Freeze by Vehumet.
  8445 | D:7      | Reached skill level 7 in Conjurations
  8508 | D:7      | Reached XP level 9. HP: 57/57 MP: 6/17
  9401 | D:7      | Found a staircase to the Ecumenical Temple.
  9499 | D:7      | Noticed Pikel
  9542 | D:7      | Killed Pikel
  9542 | D:7      | Reached skill level 8 in Conjurations
 10114 | D:8      | Noticed a two-headed ogre
 10431 | D:7      | Learned a level 2 spell: Blink
 10457 | D:7      | Gained mutation: Your flesh is cold resistant. (rC+)
                  | [demonic ancestry]
 10457 | D:7      | Reached XP level 10. HP: 63/63 MP: 7/19
 10571 | D:8      | Reached skill level 9 in Conjurations
 10611 | D:8      | Identified the +11 hand axe of the Shining Light {flame,
                  | -Tele +Rage rPois}
 10705 | D:7      | Learned a level 3 spell: Regeneration
 10805 | D:8      | Killed a two-headed ogre
 10805 | D:8      | Reached skill level 1 in Fighting
 10805 | D:8      | Reached skill level 1 in Dodging
 11505 | D:8      | Offered knowledge of Static Discharge by Vehumet.
 11649 | D:9      | Found a deep blue altar of Sif Muna.
 11773 | D:9      | Reached *** piety under Vehumet
 11932 | D:9      | Learned a level 6 spell: Freezing Cloud
 12016 | D:9      | Found a transporter.
 12020 | D:9      | Noticed a two-headed ogre
 12020 | D:9      | Noticed a moth of wrath
 12022 | D:9      | Noticed Uhlv's ghost (novice MiWn)
 12023 | D:9      | Found a bloodstained altar of Trog.
 12032 | D:9      | Noticed a two-headed ogre
 12040 | D:9      | Found a transporter.
 12040 | D:9      | Noticed a cyclops
 12152 | D:9      | Offered knowledge of Ignite Poison by Vehumet.
 12547 | D:10     | Entered Level 10 of the Dungeon
 12848 | D:10     | Noticed a two-headed ogre
 12890 | D:10     | Reached skill level 1 in Shields
 12903 | D:10     | Killed a two-headed ogre
 12903 | D:10     | Reached skill level 1 in Ice Magic
 13184 | D:10     | Found a staircase to the Lair.
 13191 | D:10     | Reached XP level 11. HP: 75/75 MP: 22/22
 13503 | Lair:1   | Entered Level 1 of the Lair of Beasts
 13655 | Lair:1   | Reached **** piety under Vehumet
 13839 | Lair:1   | Offered knowledge of Irradiate by Vehumet.
 14240 | Lair:1   | Noticed a five-headed hydra
 14249 | Lair:1   | Killed a five-headed hydra
 14723 | Lair:1   | Learned a level 4 spell: Throw Icicle
 14737 | Lair:1   | Noticed an oklob plant
 14917 | Lair:1   | Killed an oklob plant
 15857 | Lair:2   | Noticed a six-headed hydra
 15873 | Lair:2   | Noticed a seven-headed hydra
 16505 | Lair:2   | Reached skill level 10 in Conjurations
 17073 | Lair:2   | Killed a seven-headed hydra
 17594 | Lair:2   | Gained mutation: You are immune to freezing clouds.
                  | [demonic ancestry]
 17594 | Lair:2   | Reached XP level 12. HP: 84/84 MP: 11/24
 18488 | Lair:2   | Killed a six-headed hydra
 18488 | Lair:2   | Reached skill level 5 in Fighting
 18488 | Lair:2   | Reached skill level 5 in Air Magic
 18930 | Lair:3   | Noticed a four-headed hydra
 18934 | Lair:3   | Killed a four-headed hydra
 19004 | Lair:3   | Found a hole to the Spider Nest.
 19289 | Lair:3   | Reached skill level 5 in Dodging
 19429 | Lair:3   | Noticed a catoblepas
 19487 | Lair:3   | Killed a catoblepas
 19863 | Lair:3   | Reached ***** piety under Vehumet
 19863 | Lair:3   | Offered knowledge of Iron Shot by Vehumet.
 20907 | Lair:4   | Reached skill level 5 in Ice Magic
 21005 | Lair:4   | Noticed Nessos
 21016 | Lair:4   | HP: 2/88 [Nessos/arrow (22)]
 21016 | Lair:4   | Shot with an arrow by Nessos

Skill      XL: |  1  2  3  4  5  6  7  8  9 10 11 12 |
---------------+-------------------------------------+-----
Conjurations   | 1 2 3 4 5 7 8 9 10 | 10.6
Spellcasting   | 3 4 5 6 7 8 9 |  9.0
Air Magic      | 2 3 4 5 |  5.9
Fire Magic     | 1 3 4 6 7 8 9 |  9.6
Fighting       | 3 4 6 |  6.1
Dodging        | 3 4 5 |  5.6
Necromancy     | 3 |  3.1
Shields        | 1 3 4 |  4.0
Ice Magic      | 1 3 5 |  5.0
Stealth        | |  1.7
Earth Magic    | |  1.0
Poison Magic   | |  2.0

Action                   |  1- 3 |  4- 6 |  7- 9 | 10-12 || total
-------------------------+-------+-------+-------+-------++-------
Melee: Club              |    18 |     5 |       |       ||    23
       Trident           |       |    34 |   238 |   502 ||   774
       Kick              |       |       |    16 |       ||    16
       Dagger            |       |       |    24 |       ||    24
       Hand axe          |       |       |       |    25 ||    25
 Cast: Magic Dart        |    85 |    87 |   262 |   195 ||   629
       Mephitic Cloud    |     1 |     4 |    22 |    26 ||    53
       Conjure Flame     |       |     3 |    17 |    28 ||    48
       Blink             |       |       |     1 |     1 ||     2
       Regeneration      |       |       |       |     3 ||     3
       Throw Icicle      |       |       |       |   137 ||   137
       Freezing Cloud    |       |       |       |    25 ||    25
Evoke: Wand              |       |     4 |     3 |     3 ||    10
  Use: Scroll            |     1 |       |     6 |    16 ||    23
       Potion            |       |     1 |       |     1 ||     2
 Stab: Confused          |       |       |     5 |    11 ||    16
       Sleeping          |       |       |     1 |     2 ||     3
       Distracted        |       |       |       |     2 ||     2
  Eat: Chunk             |     5 |     4 |    11 |    35 ||    55
       Ration            |       |     1 |     3 |     7 ||    11
Armor: Robe              |     8 |     8 |    52 |   146 ||   214
       Skin              |       |    19 |       |       ||    19
Dodge: Dodged            |    21 |    23 |   103 |   339 ||   486
Block: Other             |       |       |    58 |    29 ||    87
       Buckler           |       |       |       |   318 ||   318
